AoeStats
← 812

Oasis

507183687Analyzed
4v4 RM · 15d ago on Sep 17, 2026· 42m 11s· 8 players
Game mode
Random Map
Map size
Large (8 player)
Population
200
Speed
Normal
Resources
Standard
Victory
Conquest
Starting age
Dark Age
Ending age
Imperial Age
RankedLock teamsTeams togetherTeam positionsShared explorationLock speedFull tech treeHidden civsTurbo modeCheats
Victory
Defeat
🇨🇴 Poles · Colombia
1030
+15
🇨🇦 Ethiopians · Canada
1029
+15
🇨🇳 Huns · China
990
+16
🇦🇺 Jurchens · Australia
978
+17
🇵🇪 Khmer · Peru
1026
-17
🇨🇱 Burgundians · Chile
1000
-16
🇦🇷 Sicilians · Argentina
978
-15
🇦🇷 Teutons · Argentina
976
-15
eL_MataTan
0:31 Loom
11:30 Feudal Age
14:08 Double-Bit Axe
18:21 Castle Age
16:29 Horse Collar
16:43 Gold Mining
18:42 Forging
18:46 Scale Barding Armor
19:32 Bow Saw
18:50 Cavalier
23:12 Wheelbarrow
23:19 Forging
26:22 Gold Shaft Mining
25:38 Stone Mining
28:01 Heavy Plow
28:48 Town Watch
29:19 Hand Cart
29:37 Chain Barding Armor
31:01 Hand Cart
32:07 Husbandry
33:45 Two-Man Saw
37:29 Imperial Age
35:51 Crop Rotation
36:25 Iron Casting
37:38 Paladin
38:57 Plate Barding Armor
39:04 Conscription
41:52 Blast Furnace
APOLO
8:58 Feudal Age
13:24 Castle Age
18:08 Loom
22:41 Double-Bit Axe
25:17 Wheelbarrow
24:28 Town Watch
24:36 Gold Mining
27:13 Bow Saw
32:18 Fletching
32:29 Padded Archer Armor
33:14 Hand Cart
33:39 Gold Shaft Mining
34:33 Horse Collar
37:36 Imperial Age
36:35 Heavy Plow
38:22 Padded Archer Armor
38:13 Fletching
39:09 Ballistics
39:49 Chemistry
39:54 Bodkin Arrow
40:15 Leather Archer Armor
41:30 Bracer
[Vsh]-BilShit™
0:26 Loom
12:40 Feudal Age
17:05 Castle Age
16:04 Double-Bit Axe
20:36 Bloodlines
21:50 Bow Saw
23:21 Scale Barding Armor
24:42 Forging
25:03 Gold Mining
26:15 Stone Mining
812
7:55 Loom
11:01 Feudal Age
12:13 Double-Bit Axe
12:16 Horse Collar
18:36 Castle Age
17:21 Gold Mining
17:26 Stone Mining
19:13 Scale Mail Armor
19:29 Bow Saw
21:19 Heavy Plow
22:04 Wheelbarrow
28:07 Hand Cart
27:40 Town Watch
31:40 Imperial Age
30:13 First Crusade
30:08 Scale Barding Armor
30:15 Forging
31:29 Stone Shaft Mining
31:29 Gold Shaft Mining
31:19 Chain Barding Armor
33:49 Plate Barding Armor
33:49 Cavalier
34:29 Husbandry
34:40 Bloodlines
34:55 Bloodlines
34:47 Husbandry
35:50 Iron Casting
35:32 Chain Mail Armor
35:09 Fletching
35:56 Hauberk
36:12 Conscription
37:01 Elite Serjeant
39:59 Blast Furnace
39:30 Plate Mail Armor
38:58 Bodkin Arrow
CC182
3:12 Loom
11:36 Feudal Age
12:03 Town Watch
12:08 Double-Bit Axe
12:11 Horse Collar
20:19 Castle Age
18:29 Fletching
22:28 Ballistics
22:08 Bodkin Arrow
26:01 Murder Holes
32:40 Scale Mail Armor
32:51 Forging
35:56 Heavy Plow
40:05 Imperial Age
38:15 Wheelbarrow
38:56 Iron Casting
38:39 Bow Saw
39:58 Chain Mail Armor
40:07 Masonry
41:56 Blast Furnace
42:22 Scale Barding Armor
Ellendhir
7:59 Loom
10:14 Feudal Age
10:47 Double-Bit Axe
11:43 Horse Collar
16:40 Fletching
21:06 Castle Age
19:09 Padded Archer Armor
20:06 Gold Mining
21:28 Stone Mining
21:46 Scale Mail Armor
21:10 Crossbowman
22:53 Wheelbarrow
24:31 Bodkin Arrow
25:49 Bow Saw
34:59 Ballistics
38:52 Imperial Age
37:23 Thumb Ring
38:02 Leather Archer Armor
39:34 Bracer
38:57 Arbalester
40:43 Chemistry
Konig
5:11 Loom
11:50 Feudal Age
14:44 Horse Collar
15:11 Double-Bit Axe
17:30 Castle Age
17:07 Stone Mining
17:57 Gold Mining
19:37 Bow Saw
24:18 Town Watch
26:27 Wheelbarrow
26:10 Pikeman
28:21 Forging
28:13 Scale Mail Armor
30:51 Chain Mail Armor
32:00 Gold Shaft Mining
32:15 Iron Casting
35:50 Imperial Age
33:31 Heavy Plow
34:28 Squires
34:15 Arson
35:30 Scale Barding Armor
35:53 Hand Cart
36:32 Chain Barding Armor
36:52 Conscription
38:22 Blast Furnace
37:57 Plate Barding Armor
37:23 Treadmill Crane
38:46 Chemistry
38:35 Husbandry
38:47 Bloodlines
38:51 Heavy Rocket Cart
40:13 Fletching
沐潪
0:38 Loom
6:51 Loom
10:36 Feudal Age
18:17 Castle Age
20:11 Horse Collar
20:17 Double-Bit Axe
22:11 Bow Saw
22:09 Heavy Plow
23:36 Wheelbarrow
24:29 Gold Mining
24:30 Stone Mining
28:06 Hand Cart
31:00 Imperial Age
31:25 Gold Shaft Mining
32:11 Forging
32:07 Scale Barding Armor
32:14 Elite Tarkan
33:15 Conscription
32:56 Marauders
33:50 Iron Casting
33:29 Husbandry
33:39 Bloodlines
36:25 Blast Furnace
35:45 Chain Barding Armor
38:41 Plate Barding Armor
39:27 Town Watch
40:45 Chemistry
39:48 Scale Mail Armor
39:40 Fletching
41:24 Two-Man Saw
Connection lost

Rejoining the realm…

Still unreachable

The connection could not be restored.

Session expired

The server has moved on; the page needs a fresh start.